 Dungeon Crawl Stone Soup version 0.28-a0-1435-g82390b3a13 (webtiles) character file.

Game seed: 18199496235269989912

73 Hasart the Skirmisher (level 4, -10/31 HPs)
             Began as an Octopode Fighter on Jan 9, 2022.
             Was a Believer of Wu Jian.
             Mangled by Crazy Yiuf (12 damage)
             ... on level 2 of the Dungeon.
             The game lasted 00:02:06 (1611 turns).

Hasart the Skirmisher (Octopode Fighter)            Turns: 1611, Time: 00:02:07

Health: -10/31     AC:  1    Str: 17    XL:     4   Next: 27%
Magic:  4/4        EV: 13    Int: 10    God:    Wu Jian [**....]
Gold:   47         SH:  4    Dex: 11    Spells: 3/3 levels left

rFire   . . .      SeeInvis .   a - +0 trident
rCold   . . .      Faith    .   b - +0 buckler
rNeg    . . .      Spirit   .   (helmet restricted)
rPois   .          Reflect  .   (no amulet)
rElec   .          Harm     .   h - ring of flight
rCorr   .          Rampage  .   (no ring)
Will    .....                   (no ring)
Stlth   ++........              (no ring)
HPRegen 0.10/turn               (no ring)
MPRegen 0.09/turn               (no ring)
                                (no ring)
                                (no ring)

@: lethally poisoned (-10 -> -23), flying
A: almost no armour, amphibious, 8 rings, camouflage 1, gelatinous body 1,
(nimble swimmer 1), tentacles
a: Renounce Religion, Wall Jump


You were on level 2 of the Dungeon.
You worshipped Wu Jian.
Wu Jian was pleased with you.
You visited 1 branch of the dungeon, and saw 2 of its levels.

You collected 47 gold pieces.

Inventory:

Hand Weapons
 a - a +0 trident (weapon)
Armour
 b - a +0 buckler (worn)
Jewellery
 h - a ring of flight (left tentacle)
Scrolls
 e - 2 scrolls of identify {unknown}
 f - a scroll of amnesia {unknown}
 g - a scroll of torment {unknown}
 j - 2 scrolls of brand weapon {unknown}
Potions
 c - a potion of might
 d - 2 potions of brilliance {unknown}
 i - a potion of lignification {unknown}
 k - a potion of curing {unknown}
 l - a potion of degeneration {unknown}


   Skills:
 + Level 3.4 Fighting
 * Level 3.2 Polearms
 + Level 3.4 Dodging
 + Level 3.4 Shields


You had 3 spell levels left.
You didn't know any spells.
Your spell library contained the following spells:

 Spells                   Type           Power      Damage    Failure   Level
 Slow                     Hex            0%         N/A       45%         1
 Confusing Touch          Hex            0%         N/A       83%         3
 Dazzling Flash           Conj/Hex       0%         N/A       83%         3
 Vampiric Draining        Necr           0%         2d6       83%         3
 Agony                    Necr           0%         N/A       100%        5
 Silence                  Hex/Air        0%         N/A       100%        5


Dungeon Overview and Level Annotations

Branches:
Dungeon (2/15)

Altars:
Wu Jian

Shops:
D:1 *

Annotations:
D:2 Crazy Yiuf


Innate Abilities, Weirdness & Mutations

You cannot wear most types of armour.
You are amphibious.
You can wear up to eight rings at the same time.
Your skin changes colour to match your surroundings (Stealth+).
Your rubbery body absorbs attacks. (AC +1, EV +1)
((You are camouflaged when in or above water. (Stealth+)))
You have tentacles for arms and can constrict up to eight enemies at once.


Message History

A goblin comes into view. It is wielding a +0 club.
Found a stone staircase leading down.
The goblin shouts!
A goblin is nearby!
A goblin is nearby!
A bat comes into view.
You reach to attack!
You puncture the goblin!
You kill the goblin!
The Council accepts your kill. You block the bat's attack. The bat hits you.
You closely miss the bat. Your grab misses the bat. The bat barely misses you.
You block the bat's attack. You block the bat's attack.
You reach to attack!
You puncture the bat!
You kill the bat!
The Council accepts your kill.
No target in view!
No target in view!
Things that are here:
a +0 club; a goblin corpse Could not explore, unopened runed door.
You reach down and open the door.
Crazy Yiuf shouts!
You hit Crazy Yiuf but do no damage. Your grab misses Crazy Yiuf.
Your squeeze misses Crazy Yiuf.
Crazy Yiuf hits you with a +4 quarterstaff of chaos!
You hit Crazy Yiuf. Your grab misses Crazy Yiuf.
Your squeeze misses Crazy Yiuf.
Crazy Yiuf is lightly wounded.
Crazy Yiuf hits you with a +4 quarterstaff of chaos!
* * * LOW HITPOINT WARNING * * *
You are lethally poisoned!
You hit Crazy Yiuf but do no damage. You grab Crazy Yiuf.
You squeeze Crazy Yiuf.
Crazy Yiuf is moderately wounded.
You constrict Crazy Yiuf.
* * * LOW HITPOINT WARNING * * *
You feel very sick.
Crazy Yiuf hits you with a +4 quarterstaff of chaos!
You die...

###########.###.........+...
#...............#########...
#.#########.###'# #### #.#
### ### #.# #.# #.###♣♣ ###
#....P♣♣ ♣♣#..)#
#.....P♣♣♣♣@g...#
##......♣..♣#...#
##..P.♣.♣♣♣ ### ###♣♣♣♣♣


You could see Crazy Yiuf.

Vanquished Creatures
  2 adders (D:2)
  7 bats
  4 endoplasms
  2 giant cockroaches
  8 goblins
  5 hobgoblins
  2 quokkas (D:1)
  4 ball pythons
  3 frilled lizards
  7 kobolds
  6 rats
50 creatures vanquished.

Notes
Turn   | Place    | Note
-------+----------+-------------------------------------------
     0 | D:1      | Hasart the Octopode Fighter began the quest for the Orb.
     0 | D:1      | Reached XP level 1. HP: 16/16 MP: 1/1
    73 | D:1      | Reached XP level 2. HP: 21/21 MP: 2/2
    84 | D:1      | Found Aneth's Assorted Antiques.
   561 | D:1      | Reached XP level 3. HP: 19/26 MP: 3/3
   698 | D:1      | Found a faded altar of an unknown god.
   734 | D:1      | Prayed at the altar of an unknown god.
   734 | D:1      | Became a worshipper of the Wu Jian Council
   734 | D:1      | Reached * piety under Wu Jian
  1117 | D:2      | Found a runed translucent door.
  1118 | D:2      | Noticed Crazy Yiuf
  1295 | D:2      | Reached XP level 4. HP: 29/31 MP: 4/4
  1485 | D:2      | Reached ** piety under Wu Jian
  1611 | D:2      | Mangled by Crazy Yiuf

Illustrated notes

Levels and vault maps discovered:
D:1:      roderic_crossed_star, layout_rooms, shapermc_ecumenical_altar_ellora,
          serial_shops, shop_fountains, hangedman_abyss_or_decor_lesser_grid
D:2:      layout_basic, nicolae_figureground_pulse, uniq_crazy_yiuf_cottage

Skill      XL: |  1  2  3 |
---------------+----------+-----
Polearms       | 3 |  3.2
Fighting       | |  3.4
Dodging        | |  3.4
Shields        | |  3.4

Action                   |  1- 3 |  4- 6 || total
-------------------------+-------+-------++-------
Melee: Trident           |    81 |    12 ||    93
       Tentacles         |    12 |     5 ||    17
       Constrict         |    19 |     3 ||    22
       Punch             |     2 |       ||     2
Invok: Lunge             |     1 |       ||     1
 Stab: Sleeping          |     9 |     1 ||    10
Armor: Skin              |     8 |       ||     8
Dodge: Dodged            |    42 |     1 ||    43
Block: Buckler           |    14 |     3 ||    17

Table legend: (Time is in decaauts)
 A = Elapsed time spent in this place.
 B = Non-inter-level travel time spent in this place.
 C = Inter-level travel time spent in this place.
 D = Time resting spent in this place.
 E = Time spent auto-exploring this place.
 F = Levels seen in this place.
 G = Mean time per level.
                   A        B        C        D        E       F      G
               +--------+--------+--------+--------+--------+-----+--------+
         Total |   1627 |   1602 |     25 |      0 |   1373 |   2 |  813.5 |
       Dungeon |   1627 |   1602 |     25 |      0 |   1373 |   2 |  813.5 |
               +--------+--------+--------+--------+--------+-----+--------+

Top non-repeatable levels by time:
     D:1: 899 daAuts
     D:2: 728 daAuts
